 Dungeon Crawl Stone Soup version 0.21.1-1-g345015f (webtiles) character file.

495 Kurtz the Ruffian (level 6, 0/47 HPs)
             Began as a Mummy Monk on Apr 3, 2018.
             Slain by an orc priest
             ... wielding a +0 club
              (5 damage)
             ... on level 5 of the Dungeon.
             The game lasted 00:09:04 (9575 turns).

Kurtz the Ruffian (Mummy Monk)                      Turns: 9575, Time: 00:09:05

Health: 0/47       AC:  2    Str: 16    XL:     6   Next: 92%
Magic:  6/6        EV: 13    Int:  9    God:
Gold:   187        SH:  0    Dex: 15    Spells: 5/5 levels left

rFire    x . .     SeeInvis .     - Unarmed
rCold    + . .     Gourm    .   (no shield)
rNeg     + + +     Faith    .   (no armour)
rPois    ∞         Spirit   .   (no helmet)
rElec    .         Reflect  .   (no cloak)
rCorr    .         Harm     .   (no gloves)
MR       .....                  d - +1 pair of boots
Stlth    ++........             (no amulet)
HPRegen  0.15/turn              e - ring of wizardry
MPRegen  0.10/turn              (no ring)

@: vulnerable
A: no food or potions, fire vulnerability, cold resistance 1, negative energy
resistance 3, torment resistance, unbreathing
a: no special abilities


You were on level 5 of the Dungeon.
You were not hungry.

You visited 1 branch of the dungeon, and saw 5 of its levels.

You collected 187 gold pieces.

Inventory:

Hand Weapons
 h - a +2 whip of electrocution
Armour
 a - a +0 shield
 d - a +1 pair of boots (worn)
Jewellery
 e - a ring of wizardry (left hand)
Wands
 c - a wand of enslavement (8)
 i - a wand of iceblast (7)
Scrolls
 b - 4 scrolls of identify
 g - a scroll of remove curse
Comestibles
 f - 7 rations


   Skills:
 - Level 3.0 Fighting
 - Level 2.4 Dodging
 - Level 1.5 Stealth
 * Level 1.5 Shields
 + Level 6.3 Unarmed Combat


You had 5 spell levels left.
You didn't know any spells.

Dungeon Overview and Level Annotations

Branches:
Dungeon (5/15)
 Temple: D:4-7

Altars:
Ashenzari
Dithmenos
Sif Muna
Yredelemnul
Zin

Annotations:
D:4 exclusions: door and hound, Noreply's ghost, amateur MiMo


Innate Abilities, Weirdness & Mutations

You do not eat or drink.
Your flesh is vulnerable to fire.
You are immune to poison.
Your flesh is cold resistant. (rC+)
You are immune to negative energy. (rN+++)
You are immune to unholy pain and torment.
You can survive without breathing.


Message History

The orc priest barely misses you.
An orc comes into view. It is wielding a falchion.
Unknown command.
You hit the orc wizard but do no damage.
The orc wizard is moderately wounded.
The orc wizard hits you with a dagger of freezing.
* * * LOW HITPOINT WARNING * * *
The orc wizard freezes you.
* * * LOW HITPOINT WARNING * * *
You miss the orc wizard.
The orc wizard is moderately wounded.
The orc priest hits you but does no damage.
The orc wizard hits you with a dagger of freezing.
* * * LOW HITPOINT WARNING * * *
Unknown command.
Unknown command.
You hit the orc wizard.
The orc wizard is heavily wounded.
The orc priest hits you with a club.
You die...

.##
...####...#
#.#
#....#.#
#.#
#..#...##
#.#
#....#.#.##
#..
...#..###.#
#.. .....#
#..# #.##
#.#.#
#..o####.#
...oooo@o#
.##.######


You could see an orc priest, an orc wizard and 4 orcs.

Vanquished Creatures
  A hound (D:4)
  A bullfrog skeleton (D:5)
  An orc priest (D:4)
  Jessica (D:2)
  Terence (D:3)
  4 orc wizards (D:3)
  10 adders
  4 gnolls
  An ooze (D:1)
  2 worms (D:3)
  4 dart slugs
  4 leopard geckos
  19 orcs
  9 bats
  A giant cockroach (D:1)
  6 goblins
  6 hobgoblins
  5 jackals (D:1)
  6 kobolds
  2 quokkas
  3 frilled lizards
  A leopard gecko skeleton (D:4)
  5 rats
97 creatures vanquished.

Notes
Turn   | Place    | Note
-------+----------+-------------------------------------------
     0 | D:1      | Kurtz the Mummy Monk began the quest for the Orb.
     0 | D:1      | Reached XP level 1. HP: 18/18 MP: 1/1
   720 | D:1      | Reached XP level 2. HP: 14/24 MP: 2/2
   722 | D:1      | Reached skill level 3 in Unarmed Combat
  1702 | D:1      | Reached XP level 3. HP: 17/29 MP: 3/3
  2894 | D:2      | Reached skill level 4 in Unarmed Combat
  3450 | D:2      | Reached XP level 4. HP: 27/35 MP: 4/4
  3775 | D:2      | Found a glowing silver altar of Zin.
  4417 | D:2      | Noticed Jessica
  4428 | D:2      | Killed Jessica
  4613 | D:2      | You fall through a shaft for 2 floors!
  4625 | D:3      | Noticed Terence
  4670 | D:5      | Entered Level 5 of the Dungeon
  5407 | D:4      | Reached XP level 5. HP: 30/41 MP: 5/5
  5582 | D:3      | Reached skill level 5 in Unarmed Combat
  6920 | D:3      | Killed Terence
  7316 | D:4      | Noticed Noreply's ghost (amateur MiMo)
  7653 | D:4      | Reached XP level 6. HP: 43/47 MP: 6/6
  7686 | D:4      | Reached skill level 1 in Shields
  7807 | D:4      | Found a basalt altar of Yredelemnul.
  7807 | D:4      | Found a faded altar of an unknown god.
  7812 | D:4      | Found a deep blue altar of Sif Muna.
  7814 | D:4      | Found a faded altar of an unknown god.
  7815 | D:4      | Found a shadowy altar of Dithmenos.
  8177 | D:3      | Reached skill level 6 in Unarmed Combat
  9518 | D:5      | Found a shattered altar of Ashenzari.
  9575 | D:5      | Slain by an orc priest

Skill      XL: |  1  2  3  4  5  6 |
---------------+-------------------+-----
Unarmed Combat | 3 4 5 6 |  6.3
Shields        | 1 |  1.5
Fighting       | |  3.0
Dodging        | |  2.4
Stealth        | |  1.5

Action                   |  1- 3 |  4- 6 || total
-------------------------+-------+-------++-------
Melee: Unarmed           |   147 |   342 ||   489
       Punch             |     3 |    10 ||    13
  Use: Scroll            |       |     4 ||     4
 Stab: Sleeping          |     3 |       ||     3
       Distracted        |       |     1 ||     1
Armor: Skin              |       |    29 ||    29
Dodge: Dodged            |    89 |   240 ||   329
